 Dungeon Crawl Stone Soup version 0.32-a0-19-g28bc0835a1 (console) character file.

Game seed: 11224410146936678849

57 Ignak the Gusty (level 4, -5/32 HPs)
             Began as a Gnoll Air Elementalist on Jan 17, 2024.
             Slain by Crazy Yiuf
             ... wielding a +3 quarterstaff of chaos
              (17 damage)
             ... on level 2 of the Dungeon.
             The game lasted 00:04:59 (1579 turns).

Ignak the Gusty (Gnoll Air Elementalist)            Turns: 1579, Time: 00:05:01

Health: -5/32      AC: 16    Str:  7    XL:     4   Next: 0%
Magic:  0/11       EV: 12    Int: 17    God:
Gold:   59         SH:  0    Dex: 12    Spells: 1/13 levels left

rFire   . . .        g - +2 dagger (protect)
rCold   . . .        (no shield)
rNeg    . . .        i - +0 leather armour
rPois   .            f - +0 helmet
rElec   .            l - +0 cloak
rCorr   .            (no gloves)
SInv    .            (no boots)
Will    .....        (no amulet)
Stlth   ++           e - +4 ring of protection
HPRegen 0.25/turn    n - ring of wizardry
MPRegen 0.12/turn

%: wizardry (x1)
@: sluggish, under a protective aura, hasted
A: fangs 1, strong nose, distributed training
a: no special abilities


You were on level 2 of the Dungeon.
You visited 1 branch of the dungeon, and saw 2 of its levels.

You collected 59 gold pieces.

Inventory:

Hand Weapons
 g - a +2 dagger of protection (weapon)
Armour
 a - a +0 robe
 f - a +0 helmet (worn)
 i - a +0 leather armour (worn)
 l - a +0 cloak (worn)
Jewellery
 e - a +4 ring of protection (left hand)
 n - a ring of wizardry (right hand)
Wands
 o - a wand of digging (4)
Scrolls
 d - 2 scrolls of blinking {unknown}
 h - 2 scrolls of teleportation
 j - a scroll of revelation
Potions
 b - a potion of magic
 c - a potion of attraction {unknown}
 k - a potion of resistance {unknown}


   Skills:
 + Level 1.0 Fighting
 + Level 1.0 Short Blades
 + Level 1.0 Long Blades
 + Level 1.0 Axes
 + Level 1.0 Maces & Flails
 + Level 1.0 Polearms
 + Level 1.0 Staves
 + Level 1.0 Ranged Weapons
 + Level 1.0 Throwing
 + Level 1.0 Armour
 + Level 4.6 Dodging
 + Level 4.2 Stealth
 + Level 1.0 Shields
 + Level 1.0 Unarmed Combat
 + Level 5.0 Spellcasting
 + Level 2.2 Conjurations
 + Level 0.8 Hexes
 + Level 0.8 Summonings
 + Level 0.8 Necromancy
 + Level 0.8 Translocations
 + Level 0.8 Fire Magic
 + Level 0.8 Ice Magic
 + Level 5.4 Air Magic
 + Level 0.8 Earth Magic
 + Level 0.8 Alchemy
 + Level 1.1 Invocations
 + Level 1.0 Evocations
 + Level 1.0 Shapeshifting


You had one spell level left.
You knew the following spells:

 Your Spells              Type           Power      Damage    Failure   Level
a - Shock                 Conj/Air       68%        1d7       1%          1
b - Swiftness             Air            22%        N/A       2%          3
c - Airstrike             Air            11%        2d(2-18)  9%          4
e - Call Imp              Summ           14%        N/A       9%          2
z - Static Discharge      Conj/Air       34%        3-5/arc   2%          2

Your spell library contained the following spells:

 Spells                   Type           Power      Damage    Failure   Level
 Foxfire                  Conj/Fire      36%        2x1d5     4%          1
 Sublimation of Blood     Necr           7%         N/A       9%          2
 Hailstorm                Conj/Ice       9%         3d6       13%         3
 Summon Ice Beast         Ice/Summ       7%         N/A       17%         3
 Plasma Beam              Fire/Air       7%         2x1d18    96%         6
 Starburst                Conj/Fire      4%         6d4       99%         6
 Sculpt Simulacrum        Ice/Alch       3%         N/A       100%        6
 Summon Hydra             Summ           3%         N/A       100%        7


Dungeon Overview and Level Annotations

Branches:
Dungeon (2/15)

Altars:

Annotations:
D:2 Crazy Yiuf


Innate Abilities, Weirdness & Mutations

You have very sharp teeth.
Your uncanny sense of smell can sniff out nearby items.
Your experience applies equally to all skills.


Message History

Your cerulean imp hits Crazy Yiuf but does no damage.
Your cerulean imp barely misses Crazy Yiuf.
You see here a dart slug corpse.
You start to feel a little slower.
Your cerulean imp hits Crazy Yiuf from afar with a -4 spear.
Crazy Yiuf whimpers, "Tonal snail illywillydillykilly!"
Your cerulean imp completely misses Crazy Yiuf.
Casting: Shock (safe; 1% risk of failure)
Confirm with . or Enter, or press ? or * to list all spells.
Aiming: Shock (safe; 1% risk of failure)
Press: ? - help, Shift-Dir - straight line, f/p - Crazy Yiuf
Aim: Crazy Yiuf, wielding a +3 quarterstaff of chaos and wearing a +0 cloak (almost dead, not watching you, ally target, 75% to hit)
The zap misses Crazy Yiuf.
Crazy Yiuf closely misses your cerulean imp.
Your cerulean imp barely misses Crazy Yiuf.
Crazy Yiuf cries, "You water infinity!"
Crazy Yiuf hits your cerulean imp with a +3 quarterstaff of chaos!
Your cerulean imp barely misses Crazy Yiuf.
Crazy Yiuf completely misses your cerulean imp.
You feel sluggish.
Your cerulean imp barely misses Crazy Yiuf.
Crazy Yiuf hits your cerulean imp with a +3 quarterstaff of chaos.
Crazy Yiuf freezes your cerulean imp.
Your cerulean imp dies!
Your cerulean imp disappears in a puff of smoke!
Crazy Yiuf shouts!
Unknown command.
Crazy Yiuf barely misses you.
You barely miss Crazy Yiuf. You bite Crazy Yiuf.
Crazy Yiuf is almost dead.
Crazy Yiuf says, "Crazy?
Crazy!?
PORCUPINE!"
Crazy Yiuf hits you with a +3 quarterstaff of chaos!
You feel yourself speed up.
You hit Crazy Yiuf but do no damage.
Your weapon exudes an aura of protection.
Crazy Yiuf is almost dead.
Crazy Yiuf hits you with a +3 quarterstaff of chaos.
You are electrocuted!
Ouch! That really hurt!
You die...

#...#.......##.#.###.#
#####.#.#.#.####.#.....##
#...........# #..#......#####
#.........#.# #.............# #
#.....>.....# #.............#
####.........#####.............#
†................###############
...........^.....#
............#...@#######
............#....g...#.### ###
....#########...†.....#.g##...#
....# #........####.5...# ....#
#.......## ###..)# #####
#....#### ### #....# #### #....#
...# #....#


You could see Crazy Yiuf.

Vanquished Creatures
  Robin (D:2)
  A dart slug (D:2)
  4 ball pythons
  An endoplasm (D:2)
  15 goblins
  6 hobgoblins
  4 bats (D:1)
  A frilled lizard (D:2)
  6 kobolds (D:1)
  2 rats
41 creatures vanquished.

Notes
Turn   | Place    | Note
-------+----------+-------------------------------------------
     0 | D:1      | Ignak the Gnoll Air Elementalist began the quest for the
                  | Orb.
     0 | D:1      | Reached XP level 1. HP: 13/13 MP: 6/6
   148 | D:1      | Reached XP level 2. HP: 19/19 MP: 1/7
   158 | D:1      | Learned a level 2 spell: Static Discharge
   172 | D:1      | Learned a level 2 spell: Call Imp
   580 | D:1      | Found a faded altar of an unknown god.
   944 | D:2      | Reached skill level 5 in Spellcasting
   944 | D:2      | Reached XP level 3. HP: 25/25 MP: 6/9
   951 | D:2      | Reached skill level 1 in Invocations
   956 | D:2      | Noticed Robin
  1468 | D:2      | Killed Robin
  1469 | D:2      | Reached skill level 1 in Fighting
  1469 | D:2      | Reached skill level 1 in Short Blades
  1469 | D:2      | Reached skill level 1 in Long Blades
  1469 | D:2      | Reached skill level 1 in Axes
  1469 | D:2      | Reached skill level 1 in Maces & Flails
  1469 | D:2      | Reached skill level 1 in Polearms
  1469 | D:2      | Reached skill level 1 in Staves
  1469 | D:2      | Reached skill level 1 in Ranged Weapons
  1469 | D:2      | Reached skill level 1 in Throwing
  1469 | D:2      | Reached skill level 1 in Armour
  1469 | D:2      | Reached skill level 1 in Shields
  1469 | D:2      | Reached skill level 1 in Unarmed Combat
  1469 | D:2      | Reached skill level 1 in Evocations
  1512 | D:2      | Reached skill level 1 in Shapeshifting
  1512 | D:2      | Reached XP level 4. HP: 32/32 MP: 7/11
  1517 | D:2      | Learned a level 4 spell: Airstrike
  1521 | D:2      | Learned a level 3 spell: Swiftness
  1548 | D:2      | Found a runed translucent door.
  1549 | D:2      | Noticed Crazy Yiuf
  1579 | D:2      | Slain by Crazy Yiuf

Illustrated notes

Levels and vault maps discovered:
D:1:      ldierk_walled_garden_2, layout_rooms,
          dreamdust_ecumenical_altar_angels_and_demons
D:2:      layout_basic, glass_columns_a, uniq_crazy_yiuf_cottage, uniq_robin

Skill      XL: |  1  2  3 |
---------------+----------+-----
Conjurations   | 2 |  2.2
Spellcasting   | 5 |  5.0
Invocations    | 1 |  1.1
Fighting       | 1 |  1.0
Short Blades   | 1 |  1.0
Long Blades    | 1 |  1.0
Axes           | 1 |  1.0
Maces & Flails | 1 |  1.0
Polearms       | 1 |  1.0
Staves         | 1 |  1.0
Ranged Weapons | 1 |  1.0
Throwing       | 1 |  1.0
Armour         | 1 |  1.0
Shields        | 1 |  1.0
Unarmed Combat | 1 |  1.0
Evocations     | 1 |  1.0
Shapeshifting  | 1 |  1.0
Dodging        | |  4.6
Stealth        | |  4.2
Hexes          | |  0.8
Summonings     | |  0.8
Necromancy     | |  0.8
Translocations | |  0.8
Fire Magic     | |  0.8
Ice Magic      | |  0.8
Air Magic      | |  5.4
Earth Magic    | |  0.8
Alchemy        | |  0.8

Action                     |  1- 3 |  4- 6 || total
---------------------------+-------+-------++-------
  Melee: Unarmed           |     9 |       ||     9
         Short sword       |     4 |       ||     4
         Bite              |     6 |     1 ||     7
         Dagger            |    36 |     2 ||    38
         Punch             |     2 |       ||     2
   Cast: Shock             |    53 |     4 ||    57
         Static Discharge  |     2 |       ||     2
         Call Imp          |     1 |     1 ||     2
         Swiftness         |       |     1 ||     1
         Airstrike         |       |     1 ||     1
    Use: Scroll            |     3 |       ||     3
 Armour: Robe              |    17 |       ||    17
         Leather armour    |    40 |     3 ||    43
  Dodge: Dodged            |    40 |     3 ||    43

Table legend: (Time is in decaauts)
 A = Elapsed time spent in this place.
 B = Non-inter-level travel time spent in this place.
 C = Inter-level travel time spent in this place.
 D = Time resting spent in this place.
 E = Time spent auto-exploring this place.
 F = Levels seen in this place.
 G = Mean time per level.
                   A        B        C        D        E       F      G
               +--------+--------+--------+--------+--------+-----+--------+
         Total |   1577 |   1555 |     22 |     39 |    958 |   2 |  788.5 |
       Dungeon |   1577 |   1555 |     22 |     39 |    958 |   2 |  788.5 |
               +--------+--------+--------+--------+--------+-----+--------+

Top non-repeatable levels by time:
     D:1: 844 daAuts
     D:2: 732 daAuts
